 Dungeon Crawl Stone Soup version 0.24.1-8-ga250c9d538 (webtiles) character file.

Game seed: 11008587961379529665, levelgen mode: deterministic

75 Atelerd the Magician (level 4, -5/27 HPs)
             Began as an Octopode Wizard on May 7, 2020.
             Slain by a worker ant (7 damage)
             ... on level 4 of the Dungeon.
             The game lasted 00:03:23 (2564 turns).

Atelerd the Magician (Octopode Wizard)              Turns: 2564, Time: 00:03:24

Health: -5/27      AC:  3    Str:  6    XL:     4   Next: 31%
Magic:  7/9        EV: 13    Int: 21    God:
Gold:   157        SH:  0    Dex: 13    Spells: 1/10 levels left

rFire    . . .     SeeInvis .   d - +0 dagger
rCold    . . .     Gourm    .   (no shield)
rNeg     . . .     Faith    .   a - +0 hat
rPois    .         Spirit   .   (no amulet)
rElec    .         Reflect  .   e - +3 ring of dexterity
rCorr    .         Harm     .   k - +2 ring of protection
MR       .....                  (no ring)
Stlth    +++.......             (no ring)
HPRegen  0.09/turn              (no ring)
MPRegen  0.11/turn              (no ring)
                                (no ring)
                                (no ring)

@: lethally poisoned (-5 -> -11)
A: almost no armour, stealthy swim, amphibious, 8 rings, constrict 8, camouflage
1, gelatinous body 1
a: no special abilities


You were on level 4 of the Dungeon.
You were not hungry.

You visited 1 branch of the dungeon, and saw 4 of its levels.

You collected 157 gold pieces.

Inventory:

Hand Weapons
 d - a +0 dagger (weapon)
Missiles
 n - 13 poisoned darts (quivered)
Armour
 a - a +0 hat (worn)
Jewellery
 e - a +3 ring of dexterity (left tentacle)
 k - a +2 ring of protection (right tentacle)
Scrolls
 b - a scroll of enchant armour {unknown}
 g - 5 scrolls of remove curse
 h - a scroll of enchant weapon
 i - 2 scrolls of fear {unknown}
 l - 4 scrolls of teleportation
 o - 2 scrolls of identify
 p - a scroll of amnesia {unknown}
 q - a scroll of magic mapping
Potions
 f - a potion of magic {unknown}
 j - a potion of resistance {unknown}
 m - a potion of brilliance {unknown}
 r - a potion of invisibility {unknown}
 s - a potion of agility {unknown}
 t - a potion of heal wounds {unknown}
Comestibles
 c - 6 rations


   Skills:
 - Level 2.0 Dodging
 - Level 2.6 Stealth
 + Level 3.5 Spellcasting
 + Level 2.9 Conjurations
   Level 1.0 Summonings
 - Level 1.0 Translocations
 * Level 1.8 Poison Magic


You had one spell level left.
You knew the following spells:

 Your Spells              Type           Power        Failure   Level  Hunger
a - Magic Dart            Conj           ###.         3%          1    None
b - Mephitic Cloud        Conj/Pois/Air  ##......     21%         3    ###....
c - Blink                 Tloc           N/A          13%         2    ##.....
d - Conjure Flame         Conj/Fire      #.......     21%         3    ###....

Your spell library contained the following spells:

 Spells                   Type           Power        Failure   Level  Hunger
 Call Imp                 Summ           #.......     13%         2    ##.....
 Slow                     Hex            #.......     19%         2    ##.....


Dungeon Overview and Level Annotations

Branches:
Dungeon (4/15)
 Temple: D:4-7

Altars:
Cheibriados
Dithmenos
Kikubaaqudgha
Trog
Vehumet
The Shining One


Innate Abilities, Weirdness & Mutations

You cannot wear most types of armour.
You are very stealthy in the water. (Stealth+)
You are amphibious.
You can wear up to eight rings at the same time.
You can use your tentacles to constrict eight enemies at once.
Your skin changes colour to match your surroundings (Stealth+).
Your rubbery body absorbs attacks. (AC +1, EV +1)


Message History

Confirm with . or Enter, or press ? or * to list all spells.
Aiming: Magic Dart (safe; 3% risk of failure)
Press: ? - help, Shift-Dir - straight line, f - worker ant
Aim: a worker ant (severely wounded, constricted by you)
The magic dart hits the worker ant but does no damage.
The worker ant is severely wounded.
You constrict the worker ant, but do no damage.
You feel sick. The worker ant bites you.
* * * LOW HITPOINT WARNING * * *
Casting: Magic Dart (safe; 3% risk of failure)
Confirm with . or Enter, or press ? or * to list all spells.
Aiming: Magic Dart (safe; 3% risk of failure)
Press: ? - help, Shift-Dir - straight line, f/p - worker ant
Aim: a worker ant (severely wounded, constricted by you)
The magic dart hits the worker ant.
The worker ant is severely wounded.
You constrict the worker ant.
* * * LOW HITPOINT WARNING * * *
You feel sick. The worker ant bites you!
You die...

###......#....
#........# .
#.#....<.#
#.#......#
..#......#
#######....#
#....$#....#
#....a#....#
#.._[.@....#
#.....#....#
#.....######
######


You could see a worker ant.

Vanquished Creatures
  2 adders
  A worm (D:2)
  A dart slug (D:1)
  A leopard gecko (D:2)
  An orc (D:3)
  4 giant cockroaches
  3 goblins (D:1)
  7 hobgoblins
  5 kobolds
  A quokka (D:2)
  2 ball pythons
  14 bats
  A frilled lizard (D:1)
  5 rats
48 creatures vanquished.

Notes
Turn   | Place    | Note
-------+----------+-------------------------------------------
     0 | D:1      | Atelerd the Octopode Wizard began the quest for the Orb.
     0 | D:1      | Reached XP level 1. HP: 11/11 MP: 4/4
   245 | D:1      | Reached XP level 2. HP: 8/17 MP: 0/6
   742 | D:1      | Reached XP level 3. HP: 21/21 MP: 5/7
   747 | D:1      | Learned a level 3 spell: Mephitic Cloud
   750 | D:1      | Learned a level 2 spell: Blink
  1171 | D:2      | Found a faded altar of an unknown god.
  1424 | D:2      | Found a snail-covered altar of Cheibriados.
  1432 | D:2      | Reached skill level 1 in Poison Magic
  1913 | D:3      | Found a radiant altar of Vehumet.
  1941 | D:3      | Reached XP level 4. HP: 27/27 MP: 9/9
  1957 | D:3      | Learned a level 3 spell: Conjure Flame
  1989 | D:3      | Found a glowing golden altar of the Shining One.
  2275 | D:3      | Found a bloodstained altar of Trog.
  2275 | D:3      | Found a shadowy altar of Dithmenos.
  2557 | D:4      | Found an ancient bone altar of Kikubaaqudgha.
  2564 | D:4      | Slain by a worker ant

Levels and vault maps discovered:
D:1:      minmay_arrival_stair_chambers, layout_loops_ring
D:2:      layout_loops_ring, old_standard_altar, first_ration,
          chequers_ecumenical_altar_twisty
D:3:      layout_rooms, vehumet_crystals, grunt_temple_overflow_open
D:4:      layout_basic, kennysheep_mini_moat, ashenzari_altar_1,
          kennysheep_little_box, serial_forest, infiniplex_forest_zigzag_2,
          infiniplex_forest_fountain, infiniplex_forest_clump_small,
          infiniplex_forest_lined_2, nicolae_tso_besieged_by_evil,
          uniq_blork_the_orc

Skill      XL: |  1  2  3 |
---------------+----------+-----
Conjurations   | 2 |  2.9
Poison Magic   | 1 |  1.8
Dodging        | |  2.0
Stealth        | |  2.6
Spellcasting   | |  3.5
Summonings     | |  1.0
Translocations | |  1.0

Action                   |  1- 3 |  4- 6 || total
-------------------------+-------+-------++-------
Melee: Unarmed           |     9 |       ||     9
       Dagger            |    69 |    32 ||   101
       Constrict         |    21 |     6 ||    27
       Tentacles         |    11 |     5 ||    16
 Cast: Magic Dart        |    27 |     2 ||    29
       Mephitic Cloud    |     2 |     1 ||     3
  Use: Scroll            |     4 |       ||     4
 Stab: Sleeping          |     8 |     2 ||    10
  Eat: Chunk             |     3 |       ||     3
       Ration            |       |     1 ||     1
Armor: Skin              |    20 |     6 ||    26
Dodge: Dodged            |    53 |    20 ||    73
